 Dungeon Crawl Stone Soup version 0.29-a0-789-g7a8fcbc185 (webtiles) character file.

Game seed: 14482305041389251605

255 frimble the Poker (level 5, -18/49 HPs)
             Began as a Minotaur Monk on July 2, 2022.
             Killed from afar by an orc (33 damage)
             ... with a bolt of acid
             ... on level 4 of the Dungeon.
             The game lasted 00:02:25 (3359 turns).

frimble the Poker (Minotaur Monk)                   Turns: 3359, Time: 00:02:25

Health: -18/49     AC: -1    Str: 24    XL:     5   Next: 91%
Magic:  4/4        EV: 13    Int:  9    God:
Gold:   236        SH:  0    Dex: 13    Spells: 4/4 levels left

rFire   . . .      SeeInvis .   a - +1 spear
rCold   . . .      Faith    .   (no shield)
rNeg    . . .      Spirit   .   b - +0 robe
rPois   .          Reflect  .   (helmet restricted)
rElec   .          Harm     .   (no cloak)
rCorr   .          Rampage  .   l - +0 pair of gloves {Str+3}
Will    .....                   (no boots)
Stlth   ++........              (no amulet)
HPRegen 0.16/turn               f - +6 ring of strength
MPRegen 0.09/turn               (no ring)

@: corroded
A: horns 2, retaliatory headbutt
a: no special abilities


You were on level 4 of the Dungeon.
You visited 1 branch of the dungeon, and saw 4 of its levels.

You collected 236 gold pieces.

Inventory:

Hand Weapons
 a - a +1 spear (weapon)
Missiles
 i - 2 silver javelins (quivered)
 o - 6 javelins
Armour
 b - a +0 robe (worn)
 l - a +0 pair of gloves of strength (worn)
Jewellery
 f - a +6 ring of strength (left hand)
Wands
 n - a wand of iceblast (1)
Scrolls
 h - 2 scrolls of teleportation
 p - a scroll of summoning
Potions
 c - a potion of ambrosia
 d - a potion of attraction {unknown}
 e - 3 potions of might {unknown}
 g - a potion of degeneration {unknown}
 j - 2 potions of mutation {unknown}
 k - a potion of berserk rage {unknown}


   Skills:
 + Level 5.6 Fighting
 + Level 5.6 Polearms
 + Level 1.6 Throwing
 - Level 3.7 Dodging
 - Level 2.1 Stealth


You had 4 spell levels left.
You didn't know any spells.
Your spell library contained the following spells:

 Spells                   Type           Power      Damage    Failure   Level
 Summon Guardian Golem    Hex/Summ       0%         N/A       77%         3
 Orb of Destruction       Conj           0%         9d5       100%        7
 Spellforged Servitor     Conj/Summ      0%         N/A       100%        7


Dungeon Overview and Level Annotations

Branches:
Dungeon (4/15)             Temple (0/1) D:4

Altars:
Qazlal

Shops:
D:3 *


Innate Abilities, Weirdness & Mutations

You have a pair of horns on your head.
You reflexively headbutt those who attack you in melee.


Message History

The orc is moderately wounded.
The orc hits you with a +0 whip.
You barely miss the orc. You headbutt the orc.
The orc is severely wounded.
The orc hits you with a +0 whip.
You hit the orc.
You kill the orc!
No target in view!
No target in view!
An orc comes into view.
It is wielding a +0 dagger and carrying a wand of acid (4).
An orc is nearby!
An orc is nearby!
The orc zaps a wand.
The bolt of acid hits you. The acid corrodes you!
You hit the orc.
The orc is moderately wounded.
The orc closely misses you.
You hit the orc but do no damage. You headbutt the orc, but do no damage.
The orc is moderately wounded.
You hit the orc but do no damage.
The orc is moderately wounded.
The orc zaps a wand.
The bolt of acid hits you!! The acid corrodes you!
You are too injured to fight recklessly!
You are too injured to fight recklessly!
You are too injured to fight recklessly!
You are too injured to fight recklessly!
You are too injured to fight recklessly!
You are too injured to fight recklessly!
You are too injured to fight recklessly!
You hit the orc but do no damage.
The orc is moderately wounded.
The orc hits you with a +0 dagger.
The kobold shouts!
You hit the orc but do no damage.
The orc is moderately wounded.
The orc zaps a wand.
The bolt of acid misses you.
You hit the orc. You punch the orc, but do no damage.
The orc is heavily wounded.
The orc zaps a wand.
The bolt of acid hits you!!
Ouch! That really hurt!
You die...

..###...########....
#...# #.... #...#
###.# #.K.# #.#
##...## #.. ##
#.....##### ##..
#.##.........# ##...
#o#....†#.#.###....
##@.......#......#.
#o.).†.##.#.##.###.
#.##.#......<##...#.
## #.#..............
#.........##.....
#.........#......
###.####.........
.... #......#..
#...... ####.####.


You could see 2 orcs and a kobold.

Vanquished Creatures
  An ogre (D:4)
  A howler monkey (D:4)
  Natasha (thrice) (D:3)
  A dart slug (D:2)
  An orc (D:4)
  2 bats
  9 endoplasms
  5 giant cockroaches
  5 goblins
  5 hobgoblins
  6 jackals (D:2)
  2 kobolds
  A quokka (D:1)
  6 ball pythons
  4 frilled lizards (D:1)
  3 rats
55 creatures vanquished.

Notes
Turn   | Place    | Note
-------+----------+-------------------------------------------
     0 | D:1      | frimble the Minotaur Monk began the quest for the Orb.
     0 | D:1      | Reached XP level 1. HP: 19/19 MP: 0/0
   152 | D:1      | Reached XP level 2. HP: 26/27 MP: 1/1
  1243 | D:2      | Reached XP level 3. HP: 27/33 MP: 2/2
  1594 | D:2      | Found a stormy altar of Qazlal.
  1827 | D:3      | Noticed Natasha
  1841 | D:3      | Killed Natasha
  1842 | D:3      | Reached XP level 4. HP: 11/41 MP: 3/3
  2149 | D:3      | Noticed Natasha
  2156 | D:3      | Killed Natasha
  2370 | D:3      | Noticed Natasha
  2376 | D:3      | Killed Natasha
  2377 | D:3      | Reached skill level 5 in Fighting
  2377 | D:3      | Reached skill level 5 in Polearms
  2394 | D:3      | Found Jusmiej's General Store.
  2944 | D:4      | Found a staircase to the Ecumenical Temple.
  3049 | D:4      | Noticed an ogre
  3103 | D:4      | Killed an ogre
  3104 | D:4      | Reached skill level 1 in Throwing
  3104 | D:4      | Reached XP level 5. HP: 23/48 MP: 4/4
  3359 | D:4      | Killed from afar by an orc

Illustrated notes

Levels and vault maps discovered:
D:1:      ncdulo_watergridlock, layout_loops_cross
D:2:      layout_loops_corners, basic_altar
D:3:      layout_loops_ring, serial_shops, shop, grunt_ministairs_9,
          minmay_misc_feat_tiny, uniq_natasha
D:4:      layout_loops_cross, minmay_temple_entry_tees, kennysheep_doodads,
          minmay_starry_boxes

Skill      XL: |  1  2  3  4 |
---------------+-------------+-----
Polearms       | 4 5 |  5.6
Fighting       | 4 5 |  5.6
Stealth        | 2 |  2.1
Throwing       | 1 |  1.6
Dodging        | |  3.7

Action                   |  1- 3 |  4- 6 || total
-------------------------+-------+-------++-------
Melee: Spear             |    89 |    55 ||   144
       Headbutt          |    11 |     8 ||    19
       Punch             |       |     1 ||     1
Throw: Javelin           |       |     4 ||     4
Evoke: Wand              |       |     1 ||     1
  Use: Scroll            |     5 |     3 ||     8
 Stab: Sleeping          |     8 |     3 ||    11
Armor: Robe              |     8 |     3 ||    11
Dodge: Dodged            |    31 |    16 ||    47

Table legend: (Time is in decaauts)
 A = Elapsed time spent in this place.
 B = Non-inter-level travel time spent in this place.
 C = Inter-level travel time spent in this place.
 D = Time resting spent in this place.
 E = Time spent auto-exploring this place.
 F = Levels seen in this place.
 G = Mean time per level.
                   A        B        C        D        E       F      G
               +--------+--------+--------+--------+--------+-----+--------+
         Total |   3343 |   3243 |    100 |      0 |   2860 |   4 |  835.8 |
       Dungeon |   3343 |   3243 |    100 |      0 |   2860 |   4 |  835.8 |
               +--------+--------+--------+--------+--------+-----+--------+

Top non-repeatable levels by time:
     D:2: 1085 daAuts
     D:3: 993 daAuts
     D:1: 727 daAuts
     D:4: 537 daAuts
